 Dungeon Crawl Stone Soup version 0.17-a0-1582-ge6b0260 (console) character file.

7197 Monkaria the Cleaver (level 10, -22/91 HPs)
             Began as a Deep Dwarf Berserker on July 27, 2015.
             Was a Believer of Trog.
             Annihilated by an orc warrior
             ... wielding a +0 halberd
              (26 damage)
             ... in a bailey.
             The game lasted 00:23:00 (8157 turns).

Monkaria the Cleaver (Deep Dwarf Berserker)         Turns: 8157, Time: 00:23:00

Health: -22/91     AC:  9    Str: 27    XL:     10   Next: 87%
Magic:  4/4        EV: 15    Int:  8    God:    Trog [**....]
Gold:   469        SH:  0    Dex: 12    Spells: 0 memorised, 9 levels left

rFire  . . .     SeeInvis .     F - +0 battleaxe
rCold  . . .     Clarity  +     K - +0 scale mail (curse)
rNeg   + + .     SustAt   .     (no shield)
rPois  +         Gourm    .     (no helmet)
rElec  +         Spirit   .     (no cloak)
rCorr  .         Warding  +     (no gloves)
rMut   .         NoTele   +     (no boots)
MR     +....                    L - amulet of Cekugob {Ward -Tele rElec rPois rN++ AC+1 EV+1}
Stlth  ..........               H - +3 ring of strength
                                r - +3 ring of evasion

@: exhausted, non-regenerating, slowed, very slow, somewhat resistant to hostile
enchantments, extremely unstealthy
A: damage resistance, recharge devices, clarity, sense surroundings 2, screaming
1, slow healing 3
a: Device Recharging, Burn Spellbooks, Berserk, Trog's Hand, Renounce Religion


You were in a bailey.
You worshipped Trog.
Trog was pleased with you.
You were very hungry.

You visited 2 branches of the dungeon, and saw 11 of its levels.
You also visited: Bailey.

You collected 469 gold pieces.

Inventory:

Hand weapons
 v - a +0 arbalest
 F - a +0 battleaxe (weapon)
 G - a +0 blowgun
 P - a +2 scimitar of flaming
Missiles
 t - 8 needles of confusion
 w - 29 poisoned needles
 x - 3 needles of slowing
 y - 5 tomahawks
 C - 186 bolts
 O - a throwing net (quivered)
Armour
 k - a +0 chain mail
 K - a cursed +0 scale mail (worn)
Jewellery
 r - a +3 ring of evasion (left hand)
 H - a +3 ring of strength (right hand)
 L - the amulet of Cekugob (around neck) {Ward -Tele rElec rPois rN++ AC+1 EV+1}
   (You found it on level 8 of the Dungeon)

   [amulet of warding]

   It may prevent the melee attacks of summoned creatures.
   It affects your AC (+1).
   It affects your evasion (+1).
   It insulates you from electricity.
   It protects you from poison.
   It greatly protects you from negative energy.
   It prevents most forms of teleportation.
Magical devices
 a - a wand of confusion (0)
 c - a wand of heal wounds (4)
 i - a wand of digging (16)
 A - a wand of cold (7)
 E - a wand of disintegration (18)
Scrolls
 j - a scroll of noise
 q - a scroll of remove curse
Potions
 e - 4 potions of curing
 f - 3 potions of heal wounds
 g - 2 potions of agility
 l - a potion of berserk rage
 m - a potion of cure mutation
 n - a potion of mutation {unknown}
 o - 2 potions of haste
 p - a potion of magic
 s - a potion of flight
 u - a potion of cancellation {unknown}
 I - 3 potions of lignification {unknown}
Books
 b - a book of the Dragon

   Spells                             Type                      Level
   a - Flame Tongue                   Conjuration/Fire             1
   b - Cause Fear                     Hexes                        4
   c - Bolt of Fire                   Conjuration/Fire             6
   d - Dragon Form                    Transmutation                7
   e - Dragon's Call                  Summoning                    9
   Trog disapproves of the use of such an item.
 J - a book of the Earth

   Spells                             Type                      Level
   a - Leda's Liquefaction            Hexes/Earth                  4
   b - Bolt of Magma                  Conjuration/Fire/Earth       5
   c - Statue Form                    Transmutation/Earth          6
   d - Iron Shot                      Conjuration/Earth            6
   e - Shatter                        Earth                        9
   Trog disapproves of the use of such an item.
Comestibles
 d - 7 bread rations
 h - a royal jelly
 z - 2 beef jerkies
 B - 2 meat rations
 D - 7 slices of pizza
 M - 2 chunks of flesh
 N - 3 fruits


   Skills:
 - Level 6.1 Fighting
 - Level 13.7 Axes
 - Level 10.0 Armour
 + Level 3.2 Dodging


You had 9 spell levels left.
You didn't know any spells.

Dungeon Overview and Level Annotations

Branches:
Dungeon (10/15)            Temple (1/1) D:4            Lair (0/8) D:10
    Orc (0/4) D:9

Altars:
Ashenzari
Cheibriados
Dithmenos
Elyvilon
Fedhas
Gozag
Kikubaaqudgha
Makhleb
Nemelex Xobeh
Okawaru
Qazlal
Ru
Sif Muna
Trog
Xom
Yredelemnul
Zin
The Shining One

Shops:
D:8 %   D:10 (


Innate Abilities, Weirdness & Mutations

You are resistant to damage.
You can recharge devices by infusing magical energy.
You passively map the area around you.
You do not heal naturally.
You possess an exceptional clarity of mind.
You occasionally shout uncontrollably at your foes.


Message History

An orc knight opens the door.
The orc knight barely misses you.
You close the door.
An orc knight opens the door.
You close the door.
An orc knight opens the door.
As you close the door, it creaks loudly!
An orc knight opens the door.
The orc knight roars a battlecry!
The orc knight hits you but does no damage.
You close the door.
An orc knight opens the door.
As you close the door, it creaks loudly!
Evoke which item? (* to show all) (? for menu, Esc to quit)
Okay, then.
Unknown command.
Use which ability? (? or * to list) Charge which item? (? for menu, Esc to quit)
Your wand of heal wounds (0) glows for a moment and now has 4 charges.
An orc warrior opens the door.
The orc warrior barely misses you.
You close the door.
An orc warrior opens the door.
You close the door.
An orc warrior opens the door.
The orc warrior hits you from afar with a halberd!!
You die...

≈#.#≈≈....#######....≈≈#.#≈≈.....
≈≈≈≈≈.....##....##....≈≈≈≈≈......
..........##.o.o.##......).......
..........##'''#..##.............
......##..##∩:o##..#.............
......##.####'####.##............
......##.'.#.. #.'o##............
......##)###.8 ###o##............
......##.'.#:. #@'.##............
......##.#########.##............
.......#..##.#.##..#.............
.......##((#'#'#..##.............
........##.).))..##..............
≈≈≈≈≈....#########....≈≈≈≈≈......
≈#.#≈≈......###......≈≈#.#≈≈.....
##.##≈...............≈##.##≈)....
..^..≈...............≈..^..≈.....


You could see an orc warrior (frenzied).

Vanquished Creatures
  Erica (D:9)
  A hill giant (D:9)
  A cyclops (D:10)
  A fire drake (D:10)
  Grinder (D:6)
  A yak (D:9)
  A human (D:9)
  A hippogriff (D:10)
  14 orc warriors
  An ice beast (D:8)
  A necrophage (D:5)
  An ogre (D:9)
  3 phantoms
  3 sky beasts
  An eye of draining (D:8)
  4 centaurs
  3 giant frogs
  A wyvern skeleton (D:7)
  4 scorpions
  11 wights
  2 crimson imps
  8 electric eels (D:8)
  3 hounds
  2 giant frog skeletons
  A quasit (D:8)
  A wasp zombie (D:9)
  An orc priest (D:7)
  3 jellies
  A centaur skeleton (D:6)
  2 iguanas (D:9)
  7 worker ants
  6 orc wizards
  3 sheep (D:9)
  A worker ant zombie (D:8)
  4 gnolls (D:4)
  9 adders
  2 shadow imps
  2 adder skeletons
  4 worms
  5 giant geckos
  30 orcs
  A bat skeleton (D:6)
  A bat zombie (D:5)
  6 giant cockroaches
  13 goblins
  3 hobgoblins
  10 kobolds
  4 ball pythons
  15 bats
  A giant gecko skeleton (D:4)
  7 giant newts (D:2)
  2 jackal skeletons
  A quokka (D:5)
  14 rats
230 creatures vanquished.

Vanquished Creatures (others)
  An adder (D:8)
  2 orcs (D:8)
3 creatures vanquished.

Grand Total: 233 creatures vanquished

Notes
Turn   | Place    | Note
--------------------------------------------------------------
     0 | D:1      | Monkaria the Deep Dwarf Berserker began the quest for the Orb.
     0 | D:1      | Reached XP level 1. HP: 20/20 MP: 1/1
    68 | D:1      | Found a shattered altar of Ashenzari.
   212 | D:1      | Reached XP level 2. HP: 24/28 MP: 2/2
   677 | D:2      | Acquired Trog's second power
   767 | D:2      | Reached XP level 3. HP: 9/36 MP: 3/3
   814 | D:2      | Reached skill level 4 in Fighting
  1165 | D:2      | Found a glowing golden altar of the Shining One.
  1204 | D:3      | Found a bloodstained altar of Trog.
  1311 | D:3      | Reached XP level 4. HP: 29/45 MP: 4/4
  1368 | D:3      | Noticed a scorpion
  1389 | D:3      | Killed a scorpion
  1389 | D:3      | Reached XP level 5. HP: 43/51 MP: 5/5
  1413 | D:3      | Reached skill level 5 in Axes
  2011 | D:4      | Found a sacrificial altar of Ru.
  2030 | D:4      | Reached skill level 6 in Axes
  2030 | D:4      | Reached XP level 6. HP: 43/58 MP: 6/6
  2406 | D:4      | Reached skill level 7 in Axes
  2537 | D:4      | Found a staircase to the Ecumenical Temple.
  2547 | Temple   | Entered the Ecumenical Temple
  2813 | D:5      | Entered Level 5 of the Dungeon
  2933 | D:5      | Reached skill level 5 in Fighting
  2933 | D:5      | Reached XP level 7. HP: 15/67 MP: 7/7
  3432 | D:6      | Noticed Grinder
  3492 | D:5      | Gained mutation: Your body sometimes deteriorates upon taking damage. [mutagenic meat]
  3493 | D:5      | Lost mutation: Your body sometimes deteriorates upon taking damage. [mutagenic meat]
  3495 | D:5      | Gained mutation: You are agile. (Dex +2) [mutagenic meat]
  3496 | D:5      | Gained mutation: You are robust (+10% HP). [mutagenic meat]
  3541 | D:6      | Killed Grinder
  3541 | D:6      | Reached XP level 8. HP: 66/83 MP: 8/8
  4162 | D:7      | Reached skill level 8 in Armour
  4547 | D:7      | Reached skill level 9 in Armour
  4645 | D:7      | Gained mutation: You passively map the area around you. [Deep Dwarf growth]
  4645 | D:7      | Reached XP level 9. HP: 42/90 MP: 8/8
  5004 | D:8      | Reached skill level 10 in Armour
  5130 | D:8      | Found Uwidadi's Food Shoppe.
  5182 | D:8      | Found a shadowy altar of Dithmenos.
  6153 | D:9      | Reached skill level 10 in Axes
  6390 | D:9      | Found an iron altar of Okawaru.
  6610 | D:9      | Noticed a hill giant
  6623 | D:9      | Killed a hill giant
  6623 | D:9      | Reached skill level 11 in Axes
  6623 | D:9      | Reached XP level 10. HP: 100/100 MP: 9/9
  6771 | D:9      | Found a staircase to the Orcish Mines.
  6956 | D:9      | Gained mutation: You possess an exceptional clarity of mind. [mutagenic meat]
  6957 | D:9      | Lost mutation: You are robust (+10% HP). [mutagenic meat]
  6958 | D:9      | Lost mutation: You are agile. (Dex +2) [mutagenic meat]
  6959 | D:9      | Gained mutation: You occasionally shout uncontrollably at your foes. [mutagenic meat]
  6974 | D:9      | Found a snail-covered altar of Cheibriados.
  7105 | D:9      | Noticed Erica
  7121 | D:9      | Killed Erica
  7121 | D:9      | Reached skill level 12 in Axes
  7218 | D:10     | Entered Level 10 of the Dungeon
  7244 | D:10     | Found Xawaihom's Antique Weapon Boutique.
  7250 | D:10     | Found a staircase to the Lair.
  7289 | D:10     | Noticed a cyclops
  7304 | D:10     | Killed a cyclops
  7464 | D:10     | Found a flagged portal.
  7489 | Bailey   | Entered a bailey
  7514 | Bailey   | Reached skill level 13 in Axes
  8120 | Bailey   | Noticed an orc knight
  8144 | Bailey   | HP: 4/91 [orc knight/glaive (5)]
  8157 | Bailey   | Annihilated by an orc warrior

Vault maps used:
D:1:      grunt_arrival_crossed_arrows, nicolae_ashenzari_panopticon
D:2:      lemuel_round_altar, hangedman_abyss_or_decor_stabs, minmay_newt_pond
D:3:      bloody_trog, first_bread
D:4:      hangedman_ru_absence, temple_hall
D:6:      hangedman_cross_stitches, vehumet_statue, uniq_grinder
D:8:      wad_lake_hut, grunt_dithmenos_shadows, serial_shops, shop
D:9:      kennysheep_mini, old_standard_altar, orc_0_dummy, grunt_livestock,
          uniq_erica
D:10:     minmay_lair_entry_lava, serial_shops, shop, enter_bailey_3
Temple:   dpeg_five_rooms_temple_12
Bailey:   bailey_polearm_2, bailey

Action                   |  1- 3 |  4- 6 |  7- 9 | 10-12 || total
-------------------------+-------+-------+-------+-------++-------
Melee: Hand axe          |   136 |   190 |   648 |       ||   974
       Battleaxe         |       |       |    33 |   129 ||   162
 Fire: Arbalest          |       |       |       |    25 ||    25
       Blowgun           |       |       |       |     7 ||     7
Throw: Throwing net      |       |       |       |     2 ||     2
Invok: Trog's Hand       |     3 |     6 |    26 |    11 ||    46
       Berserk           |       |     3 |    13 |     7 ||    23
 Abil: Device Recharging |       |       |     1 |     5 ||     6
Evoke: Wand              |       |     2 |     9 |    21 ||    32
  Use: Scroll            |       |       |    13 |     5 ||    18
 Stab: Sleeping          |     1 |     3 |     1 |       ||     5
       Confused          |       |       |       |     3 ||     3
  Eat: Chunk             |     2 |     8 |    31 |    18 ||    59
       Pizza             |       |       |     2 |       ||     2
       Royal jelly       |       |       |     1 |       ||     1
